 Dungeon Crawl Stone Soup version 0.23.2-1-ga50397a6bc (webtiles) character file.

Game seed: 15414881877705638799

19 Ikoden the Chiller (level 2, -4/18 HPs)
             Began as a Demonspawn Ice Elementalist on May 14, 2019.
             Slain by a worm (7 damage)
             ... on level 1 of the Dungeon.
             The game lasted 00:06:35 (1444 turns).

Ikoden the Chiller (Demonspawn Ice Elementalist)    Turns: 1444, Time: 00:06:36

Health: -4/18      AC:  2    Str: 13    XL:     2   Next: 55%
Magic:  0/5        EV: 12    Int: 18    God:
Gold:   43         SH:  0    Dex: 13    Spells: 2/5 levels left

rFire    + . .     SeeInvis .   (no weapon)
rCold    + . .     Gourm    .   (no shield)
rNeg     . . .     Faith    .   a - +0 robe
rPois    +         Spirit   .   (helmet restricted)
rElec    +         Reflect  .   (no cloak)
rCorr    +         Harm     .   (no gloves)
MR       .....                  (no boots)
Stlth    ++........             (no amulet)
HPRegen  0.06/turn              (no ring)
MPRegen  0.09/turn              (no ring)

@: mighty, resistant
A: antennae 1, clever 1, frail 1, evolution 1, rot immunity
a: no special abilities


You were on level 1 of the Dungeon.
You were not hungry.

You visited 1 branch of the dungeon, and saw 2 of its levels.

You collected 43 gold pieces.

Inventory:

Armour
 a - a +0 robe (worn)
Jewellery
 g - an uncursed amulet of the acrobat {unknown}
Scrolls
 d - a scroll of identify {unknown}
 f - a scroll of teleportation {unknown}
Comestibles
 c - 4 rations


   Skills:
 * Level 0.3 Fighting
 * Level 1.9 Dodging
 + Level 1.8 Stealth
 * Level 2.3 Spellcasting
 + Level 1.0 Conjurations
 * Level 3.1 Ice Magic


You had 2 spell levels left.
You knew the following spells:

 Your Spells              Type           Power        Failure   Level  Hunger
a - Freeze                Ice            ##..         4%          1    #......
b - Throw Frost           Conj/Ice       #.....       12%         2    ##.....

Your spell library contained the following spells:

 Spells                   Type           Power        Failure   Level  Hunger
 Ozocubu's Armour         Chrm/Ice       #.......     28%         3    ###....
 Throw Icicle             Conj/Ice       #.......     58%         4    #####..
 Summon Ice Beast         Ice/Summ       #.......     67%         4    #####..


Dungeon Overview and Level Annotations

Branches:
Dungeon (2/15)

Altars:


Innate Abilities, Weirdness & Mutations

You are immune to rotting.
You have a pair of small antennae on your head.
Your mind is acute. (Int +2)
You are frail. (-10% HP)
You evolve.


Message History

Confirm with . or Enter, or press ? or * to list all spells.
Aiming: Freeze (safe; 5% risk of failure)
Press: ? - help, Shift-Dir - straight line, f/p - worm
Aim: a worm (heavily wounded)
You freeze the worm.
The worm is heavily wounded.
The worm bites you!
* * * LOW HITPOINT WARNING * * *
It was a potion of mutation.
You feel extremely strange.
You feel nature experimenting on you.
Don't worry, failures die fast.
A pair of antennae grows on your head!
You feel frail.
You feel clever.
Casting: Freeze (safe; 4% risk of failure)
Confirm with . or Enter, or press ? or * to list all spells.
Okay, then.
It was a potion of might.
You feel very mighty all of a sudden.
It was a potion of resistance.
You feel protected. The worm bites you!
You die...

....##.##........##.......).....#
...###.##........##.######.......
...# #.#..#.....###.# ##.รทรท..#
##.###...........#..# ##....#
.#..##...#.........## #.#.##
.........#........##########.#.##
.......#.##.....#)#.......##.#...
.......#.###...##w#.##....##..###
............###.@.........###.###
....................##....# #..##
..........................# ##..#
..........................# ##.#
.##.................##....# #.#
.##......#...#.....###....# #.#
.##......#.###.....###....# #.#
.##........##.............#####.#
###......####...........#...##...


You could see a worm.

Vanquished Creatures
  A dart slug (D:1)
  A giant cockroach (D:1)
  3 hobgoblins (D:1)
  2 kobolds (D:1)
  A bat (D:1)
  A frilled lizard (D:1)
  4 goblins (D:1)
  4 rats (D:1)
17 creatures vanquished.

Notes
Turn   | Place    | Note
-------+----------+-------------------------------------------
     0 | D:1      | Ikoden the Demonspawn Ice Elementalist began the quest for
                  | the Orb.
     0 | D:1      | Reached XP level 1. HP: 13/13 MP: 3/3
   319 | D:1      | Reached skill level 3 in Ice Magic
   334 | D:1      | Gained mutation: You are immune to rotting. [demonic
                  | ancestry]
   334 | D:1      | Reached XP level 2. HP: 19/19 MP: 1/5
   338 | D:1      | Learned a level 2 spell: Throw Frost
  1441 | D:1      | Gained mutation: You evolve. [potion of mutation]
  1441 | D:1      | Gained mutation: You have a pair of small antennae on your
                  | head. [potion of mutation]
  1441 | D:1      | Gained mutation: You are frail. (-10% HP) [potion of
                  | mutation]
  1441 | D:1      | Gained mutation: Your mind is acute. (Int +2) [potion of
                  | mutation]
  1444 | D:1      | Slain by a worm

Skill      XL: |  1 |
---------------+----+-----
Ice Magic      | 3 |  3.1
Fighting       | |  0.3
Dodging        | |  1.9
Stealth        | |  1.8
Spellcasting   | |  2.3
Conjurations   | |  1.0

Action                   || total
-------------------------++-------
Melee: Unarmed           ||    59
 Cast: Freeze            ||    25
       Throw Frost       ||     6
  Use: Potion            ||     3
 Stab: Sleeping          ||     2
  Eat: Ration            ||     1
       Chunk             ||     1
Armor: Robe              ||    15
Dodge: Dodged            ||    45
